 Dungeon Crawl Stone Soup version 0.30-a0-867-g305f33218d (webtiles) character file.

Game seed: 11667129269439606462

530 bande the Chopper (level 7, -1/44 HPs)
             Began as a Gargoyle Fighter on Mar 11, 2023.
             Slain by Duvessa
             ... wielding a +0 rapier
              (10 damage)
             ... on level 5 of the Dungeon.
             The game lasted 00:08:37 (4900 turns).

bande the Chopper (Gargoyle Fighter)                Turns: 4900, Time: 00:08:38

Health: -1/44      AC: 17    Str: 20    XL:     7   Next: 24%
Magic:  7/7        EV:  7    Int:  8    God:
Gold:   243        SH:  4    Dex: 11    Spells: 6/6 levels left

rFire   . . .      SeeInvis .    q - +3 war axe (flame)
rCold   . . .      Faith    .    c - +0 buckler
rNeg    + . .      Spirit   .    p - +0 chain mail
rPois   ∞          Reflect  .    f - +0 helmet
rElec   +          Rampage  .    a - +0 cloak
rCorr   .                        (no gloves)
Will    .....                    (no boots) Stlth
                                 (no amulet)
HPRegen 0.27/turn                (no ring)
MPRegen 0.10/turn                (no ring)

@: no status effects
A: sickness immunity, AC +4, negative energy resistance 1, electricity
resistance, torment resistance 1, petrification resistance
a: no special abilities


You were on level 5 of the Dungeon.
You visited 1 branch of the dungeon, and saw 5 of its levels.

You collected 243 gold pieces.

Inventory:

Hand Weapons
 k - a +0 war axe
 q - a +3 war axe of flaming (weapon)
Armour
 a - a +0 cloak (worn)
 c - a +0 buckler (worn)
 f - a +0 helmet (worn)
 p - a +0 chain mail (worn)
Jewellery
 h - a ring of ice
Scrolls
 m - 3 scrolls of noise
Potions
 b - a potion of heal wounds {unknown}
 d - a potion of might
 e - a potion of attraction {unknown}
 g - a potion of lignification {unknown}
 i - a potion of flight {unknown}
 l - 2 potions of curing
 n - a potion of mutation {unknown}
 o - a potion of haste {unknown}


   Skills:
 + Level 4.5 Fighting
 + Level 5.2 Axes
 + Level 4.8 Armour
 - Level 0.2 Stealth
 + Level 4.2 Shields


You had 6 spell levels left.
You didn't know any spells.
Your spell library contained the following spells:

 Spells                   Type           Power      Damage    Failure   Level
 Apportation              Tloc           0%         N/A       99%         1
 Ensorcelled Hibernation  Hex/Ice        0%         N/A       100%        2
 Passwall                 Tmut/Erth      0%         N/A       100%        2
 Stone Arrow              Conj/Erth      0%         3d7       100%        3
 Swiftness                Air            0%         N/A       100%        3
 Animate Armour           Summ/Erth      0%         N/A       100%        4
 Alistair's Intoxication  Tmut/Pois      0%         N/A       100%        5
 Lehudib's Crystal Spear  Conj/Erth      0%         10d2      100%        8


Dungeon Overview and Level Annotations

Branches:
Dungeon (5/15)
 Temple: D:4-7

Altars:
Fedhas

Shops:
D:2 =

Annotations:
D:5 Duvessa


Innate Abilities, Weirdness & Mutations

You are immune to sickness and miasma.
Your stone body is resilient. (AC +4)
You are immune to poison.
You resist negative energy. (rN+)
You are resistant to electric shocks. (rElec)
You are resistant to unholy torment.
You are immune to petrification.


Message History

Duvessa hits you with a +0 rapier.
Unknown command.
You barely miss Duvessa.
Duvessa is heavily wounded.
You barely miss Dowan.
An orc wizard comes into view. It is wielding a +0 dagger of pain.
Duvessa barely misses you. Dowan barely misses you.
Dowan hits you but does no damage. Duvessa hits you with a +0 rapier.
Unknown command.
You slash Duvessa! You burn Duvessa.
Duvessa is almost dead.
You closely miss Dowan. Dowan hits you with a +0 dagger.
Duvessa barely misses you.
You hit Duvessa but do no damage.
Duvessa is almost dead.
You hit Dowan. You burn Dowan.
You kill Dowan!
Duvessa screams, "No!
How DARE you!"
Duvessa goes berserk!
You hit the orc but do no damage. You block Duvessa's attack.
The orc hits you but does no damage. Duvessa barely misses you.
You hit Duvessa. You burn Duvessa.
Duvessa is almost dead.
You barely miss the orc. Duvessa hits you with a +0 rapier.
The orc hits you but does no damage. Duvessa closely misses you.
The orc hits you but does no damage.
The orc wizard points at you and mumbles some strange words.
The puff of flame hits you but does no damage.
You hit Duvessa. You burn Duvessa.
Duvessa is almost dead.
You barely miss the orc. Duvessa hits you with a +0 rapier!
* * * LOW HITPOINT WARNING * * *
The orc hits you but does no damage. Duvessa closely misses you.
Unknown command.
You barely miss Duvessa.
Duvessa is almost dead.
You slash the orc! You burn the orc.
You kill the orc!
Duvessa hits you with a +0 rapier!
You die...

#>............
###...#.......
#...#.......
#...#.......
#.........##
######...##....#
$.........#.####
######.#.##.#
#.)@e..#
.......)##.#
##...o... ).
#(...$... .#
#........! #
............
###.####.#### #.
.#


You could see Duvessa (berserk) and an orc wizard.

Vanquished Creatures
  The ghost of oldplebian the Chopper, an amateur GnCA of Ignis (D:4)
  An ogre (D:4)
  Dowan (D:5)
  2 hounds
  An iguana (D:4)
  An orc wizard (D:5)
  8 adders
  An ufetubus (D:4)
  A worm (D:2)
  5 dart slugs
  16 orcs
  4 ball pythons
  7 endoplasms
  A giant cockroach (D:3)
  9 goblins
  6 hobgoblins
  14 jackals
  4 quokkas
  4 bats
  5 frilled lizards
  7 kobolds
  6 rats
105 creatures vanquished.

Notes
Turn   | Place    | Note
-------+----------+-------------------------------------------
     0 | D:1      | bande the Gargoyle Fighter began the quest for the Orb.
     0 | D:1      | Reached XP level 1. HP: 14/14 MP: 1/1
    77 | D:1      | Reached XP level 2. HP: 19/19 MP: 2/2
   256 | D:1      | Reached skill level 2 in Axes
   330 | D:1      | Reached XP level 3. HP: 21/23 MP: 3/3
   677 | D:2      | Found Pysoapur's Jewellery Boutique.
   862 | D:2      | Found a faded altar of an unknown god.
   903 | D:2      | Reached XP level 4. HP: 29/29 MP: 4/4
  1163 | D:2      | Reached skill level 3 in Axes
  1626 | D:3      | Found a runed translucent gate.
  1632 | D:3      | Found a runed translucent gate.
  1632 | D:3      | Found a runed translucent gate.
  1637 | D:3      | Identified the +3 short sword of the Blowfly {heavy, Contam
                  | rElec rPois SInv Stlth+}
  1640 | D:3      | Noticed oldplebian's ghost (amateur GnCA)
  2102 | D:3      | Reached XP level 5. HP: 33/33 MP: 5/5
  2317 | D:3      | Found a blossoming altar of Fedhas.
  2675 | D:4      | Noticed an ogre
  2682 | D:4      | Killed an ogre
  2683 | D:4      | Reached skill level 4 in Axes
  3172 | D:4      | Killed oldplebian's ghost
  3173 | D:4      | Reached XP level 6. HP: 10/38 MP: 6/6
  4818 | D:5      | Entered Level 5 of the Dungeon
  4823 | D:5      | Reached XP level 7. HP: 41/44 MP: 7/7
  4824 | D:5      | Reached skill level 5 in Axes
  4874 | D:5      | Noticed Dowan
  4885 | D:5      | Noticed Duvessa
  4897 | D:5      | Killed Dowan
  4900 | D:5      | Slain by Duvessa

Illustrated notes

Levels and vault maps discovered:
D:1:      minmay_arrival_checkered_box, layout_loops_ring
D:2:      layout_basic, serial_shops, nicolae_shop_advertising_works
          [nicolae_subvault_shop_adworks], ebering_ecumenical_altar_box,
          patterned_corridor
D:3:      layout_basic, lemuel_tele_altar, biasface_ghost_orc_armoury,
          minivault_11, minivault_14, st_stairs_11, kennysheep_generic_room_11
D:4:      layout_layer_cave
D:5:      layout_basic, uniq_duvessa

Skill      XL: |  1  2  3  4  5  6  7 |
---------------+----------------------+-----
Axes           | 2 3 4 5 |  5.2
Fighting       | 4 |  4.5
Armour         | 4 |  4.8
Shields        | 4 |  4.2
Stealth        | |  0.2

Action                     |  1- 3 |  4- 6 |  7- 9 || total
---------------------------+-------+-------+-------++-------
  Melee: War axe           |   108 |   204 |    31 ||   343
    Use: Potion            |       |     1 |       ||     1
         Scroll            |       |     5 |       ||     5
 Armour: Scale mail        |    67 |    57 |       ||   124
         Chain mail        |       |    67 |    27 ||    94
  Dodge: Dodged            |    55 |    97 |     9 ||   161
  Block: Buckler           |    27 |    54 |     8 ||    89

Table legend: (Time is in decaauts)
 A = Elapsed time spent in this place.
 B = Non-inter-level travel time spent in this place.
 C = Inter-level travel time spent in this place.
 D = Time resting spent in this place.
 E = Time spent auto-exploring this place.
 F = Levels seen in this place.
 G = Mean time per level.
                   A        B        C        D        E       F      G
               +--------+--------+--------+--------+--------+-----+--------+
         Total |   5031 |   4900 |    131 |    899 |   3023 |   5 | 1006.2 |
       Dungeon |   5031 |   4900 |    131 |    899 |   3023 |   5 | 1006.2 |
               +--------+--------+--------+--------+--------+-----+--------+

Top non-repeatable levels by time:
     D:4: 1935 daAuts
     D:3: 1360 daAuts
     D:2: 959 daAuts
     D:1: 685 daAuts
     D:5: 90 daAuts
